AoeStats
← 954496522

Nomad

507682636Analyzed
4v4 RM · 13d ago on Sep 19, 2026· 46m 54s· 8 players
Game mode
Random Map
Map size
231×231
Population
200
Speed
Normal
Resources
Standard
Victory
Conquest
Starting age
Dark Age
Ending age
Imperial Age
RankedLock teamsTeams togetherTeam positionsShared explorationLock speedFull tech treeHidden civsTurbo modeCheats
Victory
Defeat
🇨🇳 Vikings · China
1011
+11
🇨🇳 Persians · China
1004
+11
🇹🇼 Shu · Taiwan
876
+16
🇦🇷 Burgundians · Argentina
856
+17
🇨🇳 Magyars · China
1035
-25
🇨🇳 Burmese · China
1020
-19
🇹🇷 Lithuanians · Türkiye
766
-9
🇨🇳 Turks · China
718
-8
juan8022622
3:53 Loom
13:16 Feudal Age
14:31 Fishing Lines
16:45 Double-Bit Axe
22:00 Castle Age
22:04 Gold Mining
23:42 Wheelbarrow
23:36 Gillnets
27:04 Imperial Age
25:54 Gold Shaft Mining
25:53 Bow Saw
25:38 Fletching
25:49 Padded Archer Armor
25:11 Crossbowman
26:30 Thumb Ring
27:11 Arbalester
28:55 Hand Cart
30:47 Ballistics
30:28 Bodkin Arrow
33:27 Chemistry
33:51 Bracer
34:07 Leather Archer Armor
34:35 Conscription
36:48 Bolt Magazine
38:08 Ring Archer Armor
40:20 Two-Man Saw
954496522
12:02 Loom
15:57 Feudal Age
16:49 Fishing Lines
19:57 Castle Age
20:27 Gillnets
20:46 Double-Bit Axe
22:32 Bow Saw
24:17 Wheelbarrow
25:37 Hand Cart
25:25 Gold Mining
26:07 Horse Collar
26:23 Stone Mining
29:05 Gold Shaft Mining
32:06 Imperial Age
29:44 Heavy Plow
29:56 Scale Barding Armor
30:02 Forging
30:44 Stone Shaft Mining
30:17 Husbandry
30:27 Bloodlines
31:34 Chain Barding Armor
31:18 Devotion
32:47 Iron Casting
33:15 Crop Rotation
33:52 Two-Man Saw
34:45 Plate Barding Armor
35:10 Blast Furnace
36:13 Conscription
37:11 Elite War Elephant
38:38 Ballistics
38:13 Murder Holes
41:11 Faith
42:59 Hoardings
you go die
3:07 Loom
9:49 Double-Bit Axe
14:14 Feudal Age
14:30 Gold Mining
19:43 Castle Age
18:16 Bow Saw
19:33 Gold Shaft Mining
20:04 Stone Mining
20:27 Cavalier
23:03 Horse Collar
26:19 Wheelbarrow
28:14 Hand Cart
28:31 Town Watch
30:51 Scale Barding Armor
30:57 Forging
34:13 Iron Casting
34:37 Heavy Plow
35:11 Burgundian Vineyards
41:02 Imperial Age
38:52 Husbandry
39:36 Chain Barding Armor
43:32 Plate Barding Armor
42:48 Fletching
42:59 Padded Archer Armor
42:46 Paladin
45:11 Chemistry
44:31 Ballistics
45:29 Blast Furnace
45:29 Bodkin Arrow
45:50 Leather Archer Armor
45:35 Scale Mail Armor
Enrique
菜酱
Merginator44
15:52 Feudal Age
15:12 Loom
16:35 Horse Collar
23:28 Castle Age
21:39 Double-Bit Axe
22:31 Bloodlines
23:19 Fishing Lines
24:20 Husbandry
24:29 Light Cavalry
26:17 Forging
27:22 Pikeman
28:39 Iron Casting
28:43 Wheelbarrow
33:22 Scale Barding Armor
34:51 Scale Mail Armor
36:25 Hand Cart
35:56 Town Watch
39:02 Heavy Plow
6691205
17:16 Feudal Age
19:11 Fishing Lines
19:21 Loom
20:13 Wheelbarrow
20:27 Horse Collar
24:40 Gold Mining
27:26 Castle Age
26:01 Stone Mining
27:25 Double-Bit Axe
29:31 Hand Cart
30:18 Gold Shaft Mining
30:03 Heavy Plow
29:59 Gillnets
30:34 Town Watch
31:05 Bow Saw
31:12 Husbandry
31:23 Bloodlines
33:00 Scale Barding Armor
32:47 Fletching
34:00 Thumb Ring
34:20 Town Patrol
36:12 Bodkin Arrow
38:02 Padded Archer Armor
39:56 Chain Barding Armor
42:25 Corvinian Army
知行
Connection lost

Rejoining the realm…

Still unreachable

The connection could not be restored.

Session expired

The server has moved on; the page needs a fresh start.